 Dungeon Crawl Stone Soup version 0.25-a0-420-g1cc7eeb0d1 (webtiles) character file.

Game seed: 5200863285272316279, levelgen mode: deterministic

404215 jt the Brawler (level 21, -28/187 HPs)
             Began as a Demigod Transmuter on Jan 18, 2020.
             Killed from afar by a titan (60 damage)
             ... with a bolt of lightning
             ... on level 2 of the Depths on Jan 19, 2020.
             The game lasted 07:53:31 (93060 turns).

jt the Brawler (Demigod Transmuter)                Turns: 93060, Time: 07:53:32

Health: -28/187    AC: 20    Str: 17      XL:     21   Next: 39%
Magic:  13/45      EV: 36    Int: 25 (27) God:
Gold:   4413       SH:  0    Dex: 16      Spells: 8/49 levels left

rFire    . . .     SeeInvis .   a - staff of wizardry
rCold    + . .     Gourm    .   (no shield)
rNeg     . . .     Faith    .   w - +4 scale mail {MR+}
rPois    .         Spirit   .   r - +2 helmet
rElec    .         Reflect  .   W - +1 cloak
rCorr    .         Harm     .   C - +0 pair of gloves
MR       ++++.                  c - +1 pair of boots
Stlth    ..........             A - amulet of the acrobat
HPRegen  0.41/turn              z - ring of protection from magic
MPRegen  0.29/turn              t - ring "Cuapheg" {rC+ EV+2}

@: acrobat, very slightly contaminated, hasted, very quick
A: deterioration 1, high mp 1
}: 2/15 runes: decaying, serpentine
a: no special abilities


You were on level 2 of the Depths.
You were not hungry.

You visited 9 branches of the dungeon, and saw 41 of its levels.
You also visited: Bailey.

You collected 4975 gold pieces.
You spent 562 gold pieces at shops.

Inventory:

Hand Weapons
 e - the +8 storm bow {elec, penet}
   (You found it on level 3 of the Elven Halls)

   It charges the ammunition it shoots with electricity; occasionally upon a
   hit, such missiles may discharge and cause terrible harm.
   Ammo fired by it will pass through the targets it hits, potentially hitting
   all targets in its path until it reaches maximum range.
Missiles
 I - 5 silver boomerangs (quivered)
 K - 4 throwing nets
 M - 494 arrows
 O - 6 curare-tipped darts
Armour
 c - a +1 pair of boots (worn)
 r - a +2 helmet (worn)
 w - a +4 scale mail of magic resistance (worn)
 C - a +0 pair of gloves (worn)
 W - a +1 cloak (worn)
Magical Staves
 a - an uncursed staff of wizardry (weapon)
 H - an uncursed staff of air
Jewellery
 b - an uncursed ring of resist corrosion
 h - a +5 ring of slaying
 t - the ring "Cuapheg" (right hand) {rC+ EV+2}
   (You took it off a deep elf demonologist on level 3 of the Elven Halls)

   [ring of evasion]

   It affects your evasion (+2).
   It protects you from cold.
 y - an uncursed ring of see invisible
 z - a ring of protection from magic (left hand)
 A - an amulet of the acrobat (around neck)
 Y - an uncursed ring of positive energy
Wands
 m - a wand of acid (1)
 s - a wand of iceblast (4)
 J - a wand of digging (15)
 S - a wand of clouds (11)
 V - a wand of polymorph (17)
Scrolls
 f - a scroll of silence
 j - 10 scrolls of remove curse
 k - 15 scrolls of identify
 n - a scroll of summoning
 q - 19 scrolls of teleportation
 F - 2 scrolls of blinking
 G - 9 scrolls of magic mapping
 N - a scroll of holy word
 P - 7 scrolls of fear
Potions
 g - a potion of berserk rage
 i - 4 potions of brilliance
 l - 7 potions of agility
 o - 4 potions of flight
 p - 6 potions of might
 u - 3 potions of magic
 v - a potion of haste
 B - 3 potions of cancellation
 Q - a potion of resistance
 R - 3 potions of ambrosia
 T - 4 potions of curing
Miscellaneous
 x - 2 phantom mirrors
 D - a fan of gales (inert)
 X - a lamp of fire
 Z - a phial of floods
Comestibles
 d - 50 rations
 E - 7 chunks of flesh


   Skills:
 + Level 15.6 Fighting
 - Level 6.0 Armour
 + Level 15.2 Dodging
 + Level 16.1 Unarmed Combat
 + Level 14.6 Spellcasting
 - Level 7.0 Conjurations
 - Level 5.0 Hexes
 - Level 2.0 Translocations
 + Level 15.8 Transmutations
 - Level 2.3 Ice Magic
 - Level 1.0 Poison Magic
 + Level 9.9 Evocations


You had 8 spell levels left.
You knew the following spells:

 Your Spells              Type           Power        Failure   Level  Hunger
a - Blade Hands           Tmut           #######...   1%          5    ##.....
b - Sticks to Snakes      Tmut           #######.     0%          2    None
c - Spider Form           Tmut/Pois      ######....   1%          3    None
d - Ice Form              Ice/Tmut       ######..     1%          4    None
e - Irradiate             Conj/Tmut      ######....   1%          5    ##.....
f - Hydra Form            Tmut           #######...   1%          6    ####...
g - Iskenderun's Mystic   Conj/Tloc      #####...     6%          4    None
h - Dragon Form           Tmut           #######...   4%          7    ######.
i - Apportation           Tloc           ####..       1%          1    None
j - Fulminant Prism       Conj/Hex       #####.....   3%          4    None

Your spell library contained the following spells:

 Spells                   Type           Power        Failure   Level  Hunger
 Beastly Appendage        Tmut           ######       0%          1    None
 Corona                   Hex            #####..      1%          1    None
 Foxfire                  Conj/Fire      ####         1%          1    None
 Freeze                   Ice            ####         1%          1    None
 Magic Dart               Conj           ####         1%          1    None
 Shock                    Conj/Air       ####         1%          1    None
 Ensorcelled Hibernation  Hex/Ice        #####.       1%          2    None
 Searing Ray              Conj           ######       1%          2    None
 Slow                     Hex            #####...     1%          2    None
 Confusing Touch          Hex            #####...     1%          3    None
 Dazzling Flash           Conj/Hex       #####.       1%          3    None
 Tukima's Dance           Hex            #####...     1%          3    None
 Petrify                  Tmut/Erth      ######..     1%          4    None
 Yara's Violent Unravell  Hex/Tmut       ######....   1%          5    ##.....
 Conjure Flame            Conj/Fire      #####...     2%          3    None
 Portal Projectile        Hex/Tloc       #####.       2%          3    None
 Static Discharge         Conj/Air       #####...     2%          3    None
 Shroud of Golubria       Chrm/Tloc      ###...       3%          2    None
 Alistair's Intoxication  Tmut/Pois      ######..     3%          5    ##.....
 Infusion                 Chrm           ###.         4%          1    None
 Summon Butterflies       Summ           ###.....     4%          1    None
 Gell's Gravitas          Tloc           ####......   4%          3    None
 Inner Flame              Hex/Fire       ####....     4%          3    None
 Lesser Beckoning         Tloc           ####......   4%          3    None
 Spectral Weapon          Hex/Chrm       ####....     4%          3    None
 Cause Fear               Hex            #####.....   4%          4    None
 Corpse Rot               Necr/Air       N/A          6%          2    None
 Song of Slaying          Chrm           ###.....     6%          2    None
 Sublimation of Blood     Necr           ###.......   6%          2    None
 Swiftness                Chrm/Air       ###.....     6%          2    None
 Hailstorm                Conj/Ice       #####...     6%          4    None
 Ozocubu's Armour         Chrm/Ice       ###.....     7%          3    None
 Sticky Flame             Conj/Fire      #####...     9%          4    None
 Call Canine Familiar     Summ           ###.....     12%         3    None
 Leda's Liquefaction      Hex/Erth       ####......   13%         4    None
 Summon Ice Beast         Ice/Summ       ###.....     22%         4    None
 Metabolic Englaciation   Hex/Ice        #####.....   22%         5    ##.....
 Statue Form              Tmut/Erth      ######...    22%         6    ####...
 Fireball                 Conj/Fire      #####.....   24%         5    ##.....
 Iskenderun's Battlesphe  Conj/Chrm      #####...     24%         5    ##.....
 Lightning Bolt           Conj/Air       #####.....   24%         5    ##.....
 Airstrike                Air            ###.......   34%         4    None
 Dispel Undead            Necr           ###.....     34%         4    None
 Silence                  Hex/Air        ####......   34%         5    ##.....
 Summon Mana Viper        Hex/Summ       ####....     34%         5    ##.....
 Bolt of Magma            Conj/Fire/Erth ####......   36%         5    ##.....
 Invisibility             Hex            #####...     56%         6    ####...
 Agony                    Necr           ###.....     67%         5    ##.....
 Excruciating Wounds      Chrm/Necr      ###.......   67%         5    ##.....
 Iron Shot                Conj/Erth      #####.....   77%         6    ####...
 Orb of Destruction       Conj           ######....   85%         7    ######.
 Spellforged Servitor     Conj/Summ      #####.....   99%         7    ######.
 Summon Hydra             Summ           ###.......   100%        7    ######.


Dungeon Overview and Level Annotations

Branches:
Dungeon (15/15)            Temple (1/1) D:4            Lair (6/6) D:10
  Swamp (4/4) Lair:4        Snake (4/4) Lair:3        Slime (0/5) Lair:5
    Orc (2/2) D:9             Elf (3/3) Orc:2        Vaults (4/5) D:13
  Crypt (0/3) Vaults:2     Depths (2/5) D:15         Bailey (visited)

Shops:
D:9 !   Orc:1 !   Orc:2 }(?:   Elf:1 (   Vaults:2 (

Portals:
Hell: Depths:1

Annotations:
D:10 1 runed translucent door
Lair:6 1 runed translucent door, bmj180's ghost, journeyman DrCj
Elf:2 3 runed translucent doors, Roxanne
Depths:2 Boris


Innate Abilities, Weirdness & Mutations

You have an increased reservoir of magic. (+10% MP)
Your body sometimes deteriorates upon taking damage.


Message History

The titan hits you but does no damage.
Your water moccasin is engulfed in freezing vapours.
The titan points at you and mumbles some strange words.
The bolt of lightning misses you.
A lindwurm comes into view.
Your water moccasin is engulfed in freezing vapours.
Your water moccasin seems to slow down.
Your water moccasin is engulfed in freezing vapours.
You kill your water moccasin!
The lindwurm moves out of view.
Press: ? - help, v - describe, . - travel
Here: a titan An open door.
Press: ? - help, v - describe, . - travel
Here: a titan An open door.
You feel yourself speed up. The titan casts a spell at you.
The bolt of lightning hits you!!!
You die...

,,,*,,*,,*,,,,,,,*,,*,,,,,,,,,,,,
,,,,,,*,,*,,******,,*,,,********,
,,,,,,,***,**,,,,***,*,** *,
,,,,,,,,*,,*,,,,,,,,*,** *,
,,,,,,,,*,,#+#####,,,,*** *,
,,,,,,,,*,,#.$.'.##,,,,,********,
,,,,,⌠,,*,,#[)[#C.#,,*,,,,,,,,,,,
,,,,,,,,**,+.?.#..#,,,,,<,,,,,,,,
,,,,,,,,,**###'#@.#,,,***********
....,,*,,,,,,..#).#,,,***********
....,*,*##,,,.##§##*,,,,,,,,,,,,,
....,,*..######.§#,,*,,,,,,,,,,,,
..#.,,#..#.....D§#,,*,,**,,******
..#.##?##D......#.#*,**,*,,*
..##..#S.....♣...#..*,,,*,,******
{..CSS#..S..........#,,,,,,,,,,,,
.6..S((#.SS..........#,,,,,,,,,,,


You could see a titan and a fire dragon.

Vanquished Creatures
  Mara (Elf:3)
  Mennas (Vaults:2)
  Boris (Vaults:3)
  Vashnia (Snake:2)
  A deep elf master archer (Elf:3)
  2 deep elf blademasters (Elf:3)
  Frances (Swamp:2)
  Kirke (D:15)
  3 thorn hunters
  A sphinx (Depths:2)
  A tengu reaver (Depths:1)
  11 nagarajas (Snake:4)
  9 vault wardens
  2 fire giants
  Aizul (Snake:1)
  4 deep elf sorcerers
  A frost giant (Vaults:3)
  A cacodemon (Depths:2)
  4 deep elf elementalists (Elf:3)
  3 orc warlords
  An entropy weaver (Vaults:3)
  6 stone giants
  13 ironheart preservers
  5 very ugly things
  8 deep elf demonologists
  4 deep elf annihilators
  Azrael (D:13)
  Snorg (Orc:2)
  2 ettins
  7 deep elf death magi
  8 yaktaur captains
  An eidolon (Vaults:2)
  3 fire dragons
  4 great orbs of eyes
  12 ogre magi
  3 deep elf high priests
  A jiangshi (Vaults:2)
  22 hydras
  Harold (Lair:1)
  A caustic shrike simulacrum (Depths:1)
  2 rakshasas
  5 vault guards
  Fannar (Lair:2)
  4 ice dragons
  A catoblepas (Lair:6)
  4 shambling mangroves
  A death knight (Vaults:3)
  10 naga warriors
  38 two-headed ogres
  8 centaur warriors
  22 alligators
  5 ghost crabs
  3 deep troll shamans
  15 anacondas
  8 dancing weapons
  14 death yaks
  2 deep troll earth magi
  3 spriggan berserkers
  A vampire mage (Vaults:2)
  3 tengu warriors
  9 naga sharpshooters
  7 shock serpents
  A storm dragon zombie (Vaults:4)
  24 deep elf knights
  A soul eater (Vaults:2)
  A salamander mystic (Snake:1)
  2 shadow wraiths
  12 swamp dragons
  2 spriggan druids
  3 wizards
  2 unseen horrors (D:13)
  A flayed ghost (Vaults:3)
  A tengu zombie (Vaults:3)
  A harpy (shapeshifter) (Elf:2)
  8 deep trolls
  22 deep elf archers
  2 glowing orange brains
  6 naga ritualists
  8 orc knights
  4 necromancers
  A lindwurm (Lair:6)
  A lindwurm (shapeshifter) (D:13)
  7 ironbrand convokers
  2 frost giant zombies
  7 salamanders
  2 stone giant zombies
  5 orc sorcerers
  7 mana vipers
  76 deep elf magi
  4 harpies (Vaults:2)
  44 ugly things
  5 wolf spiders
  A manticore (D:15)
  An iron dragon skeleton (Depths:1)
  2 oklob plants
  5 cyclopes
  Maurice (D:10)
  A fire giant skeleton (Vaults:3)
  A water nymph (shapeshifter) (Vaults:2)
  16 naga magi
  5 vault sentinels
  24 elephants
  25 black mambas
  11 guardian serpents
  5 gargoyles
  A torpor snail (Lair:6)
  8 spiny frogs
  5 rime drakes
  A yaktaur zombie (Depths:1)
  31 yaktaurs
  A rime drake (shapeshifter) (D:15)
  2 efreet
  2 freezing wraiths (Vaults:3)
  10 komodo dragons
  6 trolls
  A human skeleton (Vaults:4)
  2 tengu conjurers
  3 meliai (D:13)
  A yaktaur skeleton (Depths:1)
  4 polar bears
  17 hornets
  5 tyrant leeches
  A wolf spider simulacrum (D:15)
  A hornet (shapeshifter) (D:13)
  A wind drake (shapeshifter) (Depths:1)
  Grinder (D:5)
  3 blink frogs (Lair:1)
  4 hippogriffs
  10 bog bodies
  51 slime creatures
  Sigmund (D:4)
  An ettin zombie (Depths:1)
  3 shadows
  3 air elementals (Elf:3)
  10 spriggans
  A vampire (D:13)
  An ettin skeleton (Depths:1)
  2 wraiths
  A redback (shapeshifter) (Elf:3)
  8 water elementals
  A redback (Vaults:3)
  A spriggan skeleton (Depths:1)
  2 wyverns
  2 basilisks
  31 yaks
  A golden eye (shapeshifter) (Vaults:1)
  A hog (D:15)
  A hog (shapeshifter) (Depths:1)
  Eustachio (D:4)
  5 fire elementals
  A steam dragon (Lair:4)
  2 hungry ghosts
  5 insubstantial wisps
  Edmund (D:5)
  19 vampire mosquitoes
  22 swamp worms
  45 nagas
  7 wargs
  A soldier ant (shapeshifter) (Vaults:3)
  A swamp worm (shapeshifter) (Elf:3)
  2 acid dragons
  A deep troll skeleton (Vaults:3)
  9 water moccasins
  3 hell hounds (D:13)
  6 porcupines
  An acid dragon (shapeshifter) (Vaults:3)
  35 orc warriors
  8 ice beasts
  15 swamp drakes
  4 sky beasts
  A black bear (Lair:6)
  A necrophage (D:9)
  2 phantoms
  A fire dragon simulacrum (Depths:1)
  11 boggarts
  A tengu (shapeshifter) (Vaults:3)
  An ogre (shapeshifter) (Elf:2)
  8 wolves
  40 ogres
  14 centaurs
  7 crocodiles
  A big kobold (shapeshifter) (D:13)
  16 bullfrogs
  2 human zombies
  A wyvern zombie (D:12)
  Dowan (D:4)
  An earth elemental (Elf:3)
  A wyvern skeleton (D:14)
  7 scorpions
  9 killer bees
  3 wights
  2 howler monkeys (D:7)
  2 vampire bats (Lair:1)
  7 centaur zombies
  A quasit (D:10)
  Crazy Yiuf (D:2)
  4 jellies (D:10)
  5 crimson imps
  4 hounds
  27 orc wizards
  18 orc priests
  2 bullfrog skeletons
  4 centaur skeletons
  6 iguanas
  10 worker ants
  A killer bee zombie (D:10)
  A worker ant zombie (D:10)
  4 gnolls
  13 adders
  2 shadow imps
  2 ufetubi (D:15)
  5 oozes (D:10)
  An adder skeleton (D:4)
  4 worms
  7 leopard geckos
  87 orcs
  A ball python (D:3)
  11 giant cockroaches
  9 goblins
  10 hobgoblins
  13 jackals
  10 kobolds
  2 quokkas
  13 bats
  3 frilled lizards (D:3)
  A leopard gecko skeleton (D:4)
  A leopard gecko zombie (D:7)
  A quokka skeleton (D:4)
  A quokka zombie (D:8)
  2 rats
  A fungus (Lair:6)
  16 plants
1561 creatures vanquished.

Vanquished Creatures (collateral kills)
  A sphinx (Vaults:4)
  A deep elf master archer (Elf:3)
  A thorn hunter (Swamp:3)
  A tengu reaver (Vaults:4)
  A deep elf sorcerer (Elf:3)
  A vault warden (Vaults:3)
  A deep elf elementalist (Elf:3)
  3 deep elf annihilators
  2 ettins
  A deep elf death mage (Elf:3)
  A great orb of eyes (Vaults:2)
  An alligator (Swamp:2)
  An anaconda (Snake:4)
  A death yak (Lair:5)
  A centaur warrior (Depths:2)
  7 two-headed ogres
  8 ogre magi
  3 naga sharpshooters
  A deep elf archer (Elf:1)
  2 ironbrand convokers (Vaults:2)
  An ugly thing (Vaults:1)
  An orc knight (Vaults:2)
  4 orc sorcerers (Orc:2)
  5 deep elf magi
  A manticore (D:14)
  2 cyclopes
  2 black mambas (Snake:4)
  A vault sentinel (Vaults:2)
  4 naga magi
  A centaur skeleton (D:14)
  Maggie (D:10)
  A yaktaur (Vaults:4)
  A tyrant leech (Swamp:2)
  A blink frog (Lair:1)
  2 slime creatures
  2 yaks
  A wyvern (D:10)
  A basilisk (D:10)
  A vampire mosquito (Swamp:3)
  4 nagas
  Duvessa (D:4)
  2 orc warriors
  A phantom (D:7)
  7 ogres
  A crocodile (Lair:6)
  A bullfrog (D:10)
  2 wights (D:9)
  2 quasits
  A jelly (D:6)
  A hound (D:10)
  An orc priest (D:9)
  A bullfrog skeleton (D:10)
  6 orc wizards (Orc:2)
  An adder (D:10)
  A white imp (D:15)
  13 orcs
  2 jackals (D:6)
  A kobold (Bailey)
121 creatures vanquished.

Vanquished Creatures (others)
  2 deep elf knights
  A hornet (Swamp:3)
  2 orc wizards (Orc:2)
  A bush (Lair:5)
  20 fulminant prisms
  20 fungi
  20 plants
66 creatures vanquished.

Grand Total: 1748 creatures vanquished

Notes
Turn   | Place    | Note
-------+----------+-------------------------------------------
     0 | D:1      | jt the Demigod Transmuter began the quest for the Orb.
     0 | D:1      | Reached XP level 1. HP: 15/15 MP: 5/5
   493 | D:1      | Reached skill level 3 in Unarmed Combat
  1074 | D:1      | Reached XP level 2. HP: 3/22 MP: 7/7
  1565 | D:2      | Learned a level 2 spell: Sticks to Snakes
  2071 | D:2      | Reached XP level 3. HP: 27/27 MP: 8/8
  2094 | D:2      | Reached skill level 4 in Unarmed Combat
  2254 | D:2      | Reached skill level 1 in Fighting
  2665 | D:2      | Found a runed translucent door.
  2666 | D:2      | Noticed Crazy Yiuf
  3484 | D:2      | Learned a level 3 spell: Spider Form
  3488 | D:2      | Reached XP level 4. HP: 12/35 MP: 2/9
  4704 | D:4      | Found a shadowy altar of Dithmenos.
  4719 | D:4      | Found a staircase to the Ecumenical Temple.
  4725 | Temple   | Entered the Ecumenical Temple
  4868 | D:4      | Noticed an ice beast
  4880 | D:4      | Killed an ice beast
  4880 | D:4      | Reached skill level 1 in Evocations
  4880 | D:4      | Reached XP level 5. HP: 41/41 MP: 1/11
  5009 | D:4      | Noticed Eustachio
  5039 | D:4      | Killed Eustachio
  5039 | D:4      | Reached XP level 6. HP: 39/49 MP: 4/13
  5128 | D:4      | Noticed Sigmund
  5148 | D:4      | Killed Sigmund
  5148 | D:4      | Reached skill level 5 in Unarmed Combat
  5372 | D:4      | Noticed Duvessa
  5436 | D:4      | Killed Duvessa
  5436 | D:4      | Reached XP level 7. HP: 51/56 MP: 9/14
  5441 | D:4      | Noticed Dowan
  5444 | D:4      | Killed Dowan
  6030 | D:5      | Entered Level 5 of the Dungeon
  6068 | D:5      | Noticed Grinder
  6418 | D:5      | Noticed Edmund
  6446 | D:5      | Killed Edmund
  6446 | D:5      | Reached skill level 1 in Poison Magic
  7084 | D:5      | Found a stormy altar of Qazlal.
  7604 | D:6      | Reached XP level 8. HP: 64/66 MP: 14/17
  9126 | D:7      | Reached skill level 6 in Unarmed Combat
 10072 | D:7      | Reached skill level 5 in Transmutations
 10279 | D:8      | Reached XP level 9. HP: 73/73 MP: 13/19
 10784 | D:8      | Reached skill level 5 in Fighting
 11589 | D:8      | Reached skill level 5 in Spellcasting
 11757 | D:9      | Noticed a two-headed ogre
 12404 | D:9      | Killed a two-headed ogre
 12404 | D:9      | Reached skill level 5 in Evocations
 12409 | D:9      | Reached skill level 7 in Unarmed Combat
 12893 | D:9      | Found Ubraph's Distillery.
 12904 | D:9      | Bought a potion of heal wounds for 55 gold pieces
 12904 | D:9      | Bought a potion of heal wounds for 55 gold pieces
 13380 | D:9      | Found a staircase to the Orcish Mines.
 13688 | D:10     | Entered Level 10 of the Dungeon
 13781 | D:10     | Reached XP level 10. HP: 58/82 MP: 15/22
 13915 | D:9      | Bought a potion of ambrosia for 88 gold pieces
 14261 | D:10     | Noticed Maggie
 14289 | D:10     | Killed Maggie
 15624 | D:10     | Noticed Maurice
 15658 | D:10     | Killed Maurice
 16178 | D:10     | Found a staircase to the Lair.
 16400 | D:10     | Found a runed translucent door.
 16400 | D:10     | Noticed a sixfirhy
 16668 | D:11     | Noticed a two-headed ogre
 16688 | D:11     | Killed a two-headed ogre
 16688 | D:11     | Reached skill level 8 in Unarmed Combat
 16986 | D:11     | Found a snail-covered altar of Cheibriados.
 17111 | D:11     | Noticed a seven-headed hydra
 17127 | D:11     | Killed a seven-headed hydra
 17127 | D:11     | Reached skill level 5 in Dodging
 17127 | D:11     | Reached XP level 11. HP: 91/91 MP: 21/24
 17854 | D:12     | Found a flagged portal.
 17888 | Bailey   | Entered a bailey
 17910 | Bailey   | Noticed an orc warlord
 18275 | Bailey   | Found a runed translucent gate.
 18290 | Bailey   | Found a runed translucent gate.
 18291 | Bailey   | Found a runed translucent gate.
 18378 | Bailey   | Learned a level 5 spell: Blade Hands
 18423 | Bailey   | Killed an orc warlord
 18448 | Bailey   | Identified a scroll of acquirement
 18450 | Bailey   | Reached XP level 12. HP: 57/100 MP: 19/26
 18461 | Bailey   | Learned a level 4 spell: Ice Form
 18628 | D:12     | Learned a level 5 spell: Irradiate
 19196 | Lair:1   | Entered Level 1 of the Lair of Beasts
 19356 | Lair:1   | Reached skill level 1 in Conjurations
 19544 | Lair:1   | Noticed Harold
 19595 | Lair:1   | Killed Harold
 19595 | Lair:1   | Reached skill level 9 in Unarmed Combat
 20947 | Lair:2   | Noticed Fannar
 20960 | Lair:2   | Killed Fannar
 20978 | Lair:2   | Noticed an eight-headed hydra
 22296 | Lair:3   | Found a staircase to the Snake Pit.
 22296 | Lair:3   | Noticed a five-headed hydra
 22309 | Lair:3   | Killed a five-headed hydra
 23300 | Lair:3   | Reached XP level 13. HP: 89/108 MP: 27/29
 24578 | Lair:4   | Found a staircase to the Swamp.
 25912 | Lair:5   | Reached skill level 10 in Unarmed Combat
 26523 | Lair:5   | Reached skill level 5 in Conjurations
 26874 | Lair:5   | Got a polished leather armour
 26875 | Lair:5   | Identified the +3 leather armour of Anaesthesia {+Blink
                  | rC++ MR- rCorr} (You found it on level 5 of the Lair of
                  | Beasts)
 27081 | Lair:5   | Found a staircase to the Slime Pits.
 27600 | Lair:6   | Entered Level 6 of the Lair of Beasts
 28302 | Lair:6   | Reached skill level 10 in Transmutations
 28692 | Lair:6   | Reached XP level 14. HP: 92/119 MP: 18/31
 29479 | Lair:6   | Found the +6 lightning scales {run, rElec}
 30042 | Lair:6   | Found a runed translucent door.
 30042 | Lair:6   | Found a shimmering altar of Xom.
 30042 | Lair:6   | Noticed bmj180's ghost (journeyman DrCj)
 30450 | Lair:6   | Got a jewelled flail
 30451 | Lair:6   | Identified the +6 flail of the Onslaught {venom, rPois rC+}
                  | (You found it on level 6 of the Lair of Beasts)
 31120 | Orc:1    | Entered Level 1 of the Orcish Mines
 31136 | Orc:1    | Noticed an orc warlord
 31708 | D:12     | Reached skill level 10 in Fighting
 33385 | D:13     | Found a gate to the Vaults.
 33902 | D:13     | Noticed Azrael
 34030 | D:13     | Reached skill level 11 in Unarmed Combat
 34331 | D:2      | Killed Crazy Yiuf
 34432 | D:5      | Killed Grinder
 34727 | Swamp:1  | Entered Level 1 of the Swamp
 35189 | Swamp:1  | Learned a level 6 spell: Hydra Form
 38871 | Swamp:2  | Learned a level 4 spell: Iskenderun's Mystic Blast
 39021 | Swamp:2  | Reached XP level 15. HP: 128/128 MP: 27/33
 39221 | Swamp:2  | Noticed Frances
 39234 | Swamp:2  | Killed Frances
 39234 | Swamp:2  | Reached skill level 10 in Spellcasting
 39234 | Swamp:2  | Reached skill level 1 in Translocations
 40854 | Swamp:3  | Paralysed by a hornet for 3 turns
 41275 | Swamp:3  | Reached skill level 10 in Dodging
 42043 | Swamp:3  | Identified the +2 chain mail "Zollablemoe" {rF+} (You found
                  | it on level 3 of the Swamp)
 42449 | Swamp:3  | Noticed a thorn hunter
 42460 | Swamp:3  | Killed a thorn hunter
 42906 | Swamp:3  | Noticed a thorn hunter
 42913 | Swamp:3  | Killed a thorn hunter
 43409 | Swamp:3  | Got a translucent morningstar
 43410 | Swamp:3  | Identified the cursed +3 morningstar of the Wraith {vorpal,
                  | rF+} (You found it on level 3 of the Swamp)
 43476 | Swamp:4  | Entered Level 4 of the Swamp
 45254 | Swamp:4  | Reached skill level 12 in Unarmed Combat
 45426 | Swamp:4  | Noticed a thorn hunter
 45439 | Swamp:4  | Killed a thorn hunter
 46541 | Swamp:4  | Noticed a thorn hunter
 46691 | Swamp:4  | Killed a thorn hunter
 47011 | Swamp:4  | Reached XP level 16. HP: 138/138 MP: 29/35
 47496 | Swamp:4  | Got a decaying rune of Zot
 47750 | Snake:1  | Entered Level 1 of the Snake Pit
 47764 | Snake:1  | Identified the Reference Book on Assistive Weightlessness
 48749 | Snake:1  | Noticed Aizul
 48768 | Snake:1  | Killed Aizul
 51284 | Snake:2  | Noticed Vashnia
 53732 | Snake:1  | Learned a level 7 spell: Dragon Form
 53968 | D:13     | Killed Azrael
 54975 | Vaults:1 | Entered Level 1 of the Vaults
 55724 | D:14     | Found a basalt altar of Yredelemnul.
 56096 | D:14     | Found a shimmering altar of Xom.
 56613 | D:15     | Entered Level 15 of the Dungeon
 56851 | D:15     | Reached skill level 13 in Unarmed Combat
 57508 | D:15     | Found a staircase to the Depths.
 57991 | D:15     | Noticed Kirke
 58033 | D:15     | Killed Kirke
 59795 | Snake:2  | Killed Vashnia
 59795 | Snake:2  | Reached XP level 17. HP: 148/148 MP: 26/38
 62131 | Snake:3  | Found a stormy altar of Qazlal.
 62280 | Snake:4  | Entered Level 4 of the Snake Pit
 65613 | Snake:4  | Got a serpentine rune of Zot
 66268 | Orc:1    | Found Ypnet's Distillery.
 66701 | Orc:2    | Entered Level 2 of the Orcish Mines
 66701 | Orc:2    | Found Ymuabbucao's Book Shop.
 66813 | Orc:2    | Found an ancient bone altar of Kikubaaqudgha.
 66835 | Orc:2    | Found Futu's Magic Scroll Boutique.
 66916 | Orc:2    | Reached skill level 14 in Unarmed Combat
 66949 | Orc:2    | Found a roughly hewn altar of Beogh.
 66958 | Orc:2    | Found Buojal's Gadget Shop.
 66964 | Orc:2    | Found Pameu's Antique Weapon Boutique.
 66971 | Orc:2    | Bought a wand of acid (9) for 364 gold pieces
 66997 | Orc:2    | Found a radiant altar of Vehumet.
 67185 | Orc:2    | Found a staircase to the Elven Halls.
 67274 | Orc:2    | Noticed Snorg
 67284 | Orc:2    | Killed Snorg
 67284 | Orc:2    | Reached XP level 18. HP: 158/158 MP: 28/40
 67460 | Orc:2    | Found a bloodstained altar of Trog.
 68800 | Elf:1    | Entered Level 1 of the Elven Halls
 68889 | Elf:1    | Found Sionei's Weapon Shoppe.
 71499 | Elf:2    | Noticed Roxanne
 71503 | Elf:2    | Learned a level 1 spell: Apportation
 72065 | Elf:2    | Found a runed translucent gate.
 72065 | Elf:2    | Found a runed translucent gate.
 72066 | Elf:2    | Found a runed translucent gate.
 72189 | Elf:2    | Identified the +0 halberd "Taykk" {vorpal, Str+6} (You
                  | found it on level 2 of the Elven Halls)
 72385 | Elf:2    | Noticed a Hell Sentinel
 72877 | Elf:3    | Entered Level 3 of the Elven Halls
 74051 | Elf:3    | Found a shimmering blue altar of Sif Muna.
 74286 | Elf:3    | Noticed Mara
 74287 | Elf:3    | Noticed jt's illusion
 74423 | Elf:3    | Noticed jt's illusion
 74431 | Elf:3    | Killed Mara
 74674 | Elf:3    | Reached skill level 5 in Armour
 74982 | Elf:2    | Learned a level 4 spell: Fulminant Prism
 75526 | Elf:3    | Reached skill level 1 in Hexes
 75526 | Elf:3    | Reached XP level 19. HP: 145/167 MP: 18/41
 76640 | Elf:3    | Identified the ring "Cuapheg" {rC+ EV+2}
 76641 | Elf:3    | Noticed a Tzitzimitl
 77127 | Elf:3    | Identified the +6 rapier of Hospitality {vamp, MP+9 Dex+5}
 78062 | Elf:3    | Found the +8 storm bow {elec, penet}
 78225 | Elf:3    | Identified the +8 hunting sling of Responsibility {venom,
                  | *Drain rElec rN+ Dex+4} (You found it on level 3 of the
                  | Elven Halls)
 78341 | Elf:3    | Identified the cursed +0 scale mail of the Jabberwock
                  | {rPois} (You found it on level 3 of the Elven Halls)
 80750 | Vaults:1 | Reached skill level 15 in Unarmed Combat
 82412 | Vaults:2 | Noticed Mennas
 82435 | Vaults:2 | Killed Mennas
 83015 | Vaults:2 | Reached XP level 20. HP: 160/176 MP: 33/43
 83557 | Vaults:2 | Found a staircase to the Crypt.
 83725 | Vaults:2 | Found Xuixt's Antique Weapon Boutique.
 83834 | Vaults:2 | Identified the +4 spear of Tenacity {venom, rPois rC+} (You
                  | found it on level 2 of the Vaults)
 84298 | Vaults:2 | Reached skill level 5 in Hexes
 84709 | Vaults:3 | Reached skill level 15 in Transmutations
 84829 | Vaults:3 | Noticed Boris
 84838 | Vaults:3 | Killed Boris
 85431 | Vaults:3 | Reached skill level 15 in Fighting
 86745 | Vaults:3 | You fall into a shaft and drop 1 floor!
 88055 | Vaults:4 | HP: 1/231 [yaktaur/bolt (29)]
 89415 | Vaults:4 | Reached XP level 21. HP: 155/185 MP: 39/45
 89695 | Vaults:4 | Reached skill level 15 in Dodging
 90480 | Depths:1 | Entered Level 1 of the Depths
 91701 | Depths:1 | Reached skill level 16 in Unarmed Combat
 91968 | Depths:1 | Found a gateway to Hell.
 93002 | Depths:2 | Gained mutation: Your body sometimes deteriorates upon
                  | taking damage. [a cacodemon]
 93021 | Depths:2 | Noticed Boris
 93060 | Depths:2 | Killed from afar by a titan

Levels and vault maps discovered:
D:1:      minmay_arrival_diagonal_passages, layout_rooms
D:2:      layout_loops_ring, first_ration, uniq_crazy_yiuf_cottage
D:3:      layout_loops_ring, st_stairs_11
D:4:      layout_basic, minmay_temple_entry_hall, grunt_dithmenos_smoke,
          uniq_eustachio, uniq_duvessa, uniq_sigmund
D:5:      layout_gridville, lemuel_round_altar, minmay_fountain_box,
          uniq_grinder, uniq_edmund
D:6:      layout_loops_cross
D:7:      layout_rooms
D:8:      layout_loops_ring
D:9:      layout_big_octagon, hiddenorc2_lemuel, serial_shops,
          nicolae_shop_statue_plus
D:10:     cheibrodos_shockbox, layout_basic, erik_lair_dragon,
          hangedman_little_slice_of_home, uniq_maggie, uniq_maurice
D:11:     layout_irregular_city, basic_altar, minmay_tree_intersection,
          mrwooster_statue_mirror
D:12:     layout_roguey [special_room_orc], enter_bailey_2
D:13:     layout_small_grid, david_vaults_2, st_stairs_13, uniq_azrael
D:14:     layout_basic, basic_altar, lemuel_altar_in_water
D:15:     grunt_enter_depths_snipers, layout_basic, serial_bayou_ford_a,
          serial_ice, serial_ice_c, serial_ice_g, serial_ice_n, serial_ice_j,
          hangedman_decor_lopped, uniq_kirke
Temple:   minmay_crystal_snake_temple
Lair:1:   layout_loops_ring, roderic_batcave, uniq_harold
Lair:2:   layout_cave_pods, chequers_serial_rivers_small_3, wad_woods_river_04,
          infiniplex_staircase_pool_2, uniq_fannar
Lair:3:   layout_chaotic_city, minmay_snake_entry_guardpost_small,
          chequers_serial_rivers_room_a, minivault_19,
          chequers_serial_rivers_small_3, pond
Lair:4:   layout_regular_city, palyth_hydra_swamp_entry, lemuel_fruit_tree,
          grunt_megastairs_5
Lair:5:   layout_loops_ring, dpeg_slime_entry_corner,
          chequers_serial_rivers_marsh, infiniplex_staircase_pool
Lair:6:   grunt_lair_end_beastmaster, layout_cave_pods, ebering_ghost_xom,
          minmay_lair_oklob_items
Swamp:1:  layout_falls_marsh, evilmike_swamp_ruin_rubble_2
Swamp:2:  layout_basic_swamp, evilmike_swamp_ruin_house_6, uniq_frances
Swamp:3:  layout_falls_marsh, evilmike_swamp_ruin_house_3
Swamp:4:  swamp_basic_johnstein, layout_basic_swamp, swamp_pool1
Snake:1:  layout_layer_cave, grunt_megastairs_4, uniq_aizul
Snake:2:  layout_onion, grunt_megastairs_2, serial_bayou_shore_b, uniq_vashnia
Snake:3:  layout_grid_maze, basic_altar, st_stairs_6
Snake:4:  grunt_snake_rune_serpentine_throne, layout_chambers,
          grunt_ministairs_7
Orc:1:    layout_diamond_mine, serial_shops, shop_statue
Orc:2:    kennysheep_orc_mage_school, layout_diamond_mine, basic_altar,
          uniq_snorg
Elf:1:    layout_geoelf_octagon, serial_shops, shop,
          kennysheep_underground_church, grunt_megastairs_1
Elf:2:    layout_geoelf_octagon, uniq_roxanne
Elf:3:    minmay_elf_hall_spiked, layout_gridlike, lemuel_blue_sif_altar,
          uniq_mara
Vaults:1: v_misc_30, nicolae_vaults_big_ls,
          nicolae_vaults_windows_and_doors_thing, vaults_room_door_ring,
          ontoclasm_vaults_misaligned, nicolae_vaults_gold_heap,
          vaults_standard_mumra_enter_the_diamond, vaults_dpeg_doors,
          dpeg_vaults_monster_box, hangedman_vaults_nails,
          layout_vaults_maze_bifur
Vaults:2: minmay_crypt_entry_simple_walls, ontoclasm_vaults_gateway,
          vaults_room_fours, v_pattern_2, hangedman_vaults_restitches,
          layout_vaults_chaotic_city, serial_shops, shop, uniq_mennas
Vaults:3: nicolae_vaults_inception_statues, vaults_room_pool,
          nicolae_vaults_what_the_h, vaults_dpeg_spiral, v_misc_25,
          ontoclasm_vaults_eye, vaults_room_pool, layout_vaults_omnicross,
          uniq_boris
Vaults:4: vaults_room_corners, nicolae_vaults_hallways_thing,
          vaults_room_door_hall, hangedman_vaults_corner_blocks,
          v_alt_pattern_4, ontoclasm_vaults_fault, v_misc_12,
          vaults_mumra_minichess, nicolae_vaults_border_crossing,
          layout_vaults_omnigrid
Depths:1: layout_gridlike, nrook_mini_backslash, hell_entry,
          kennysheep_windowed_goal
Depths:2: grunt_twist_and_shout, layout_long_grid, hell_entry,
          abyss_entry_flame_altar, biasface_ghost_demon_polymorph,
          serial_bayou_pond_b, rand_demon_pan_entry_3,
          nicolae_trove_entry_crossroad, water_boxes_lemuel

Skill      XL: |  1  2  3  4  5  6  7  8  9 10 11 12 13 14 15 16 17 18 19 20 21 |
---------------+----------------------------------------------------------------+-----
Unarmed Combat | 3 4 5 6 7 8 9 10 11 12 13 14 15 16 | 16.1
Fighting       | 1 2 3 4 5 6 7 8 9 10 11 12 13 14 15 | 15.6
Transmutations | 2 3 4 5 6 8 9 10 11 12 13 14 15 | 15.8
Spellcasting   | 2 3 4 5 6 7 8 9 10 11 12 13 14 | 14.6
Evocations     | 1 2 3 4 5 6 7 9 |  9.9
Poison Magic   | 1 |  1.0
Dodging        | 3 5 6 7 8 9 10 11 12 13 14 15 | 15.2
Armour         | 2 5 6 |  6.0
Ice Magic      | 2 |  2.3
Conjurations   | 3 5 7 |  7.0
Translocations | 2 |  2.0
Hexes          | 1 4 5 |  5.0

Action                   |  1- 3 |  4- 6 |  7- 9 | 10-12 | 13-15 | 16-18 | 19-21 || total
-------------------------+-------+-------+-------+-------+-------+-------+-------++-------
Melee: Dagger            |    94 |    79 |   119 |    36 |       |       |       ||   328
       Unarmed           |     5 |    27 |   378 |   598 |   995 |  1000 |   893 ||  3896
       Headbutt          |     4 |       |       |       |       |       |       ||     4
       Punch             |     1 |     2 |    11 |    25 |    18 |    30 |    55 ||   142
       Short sword       |       |       |       |     6 |       |       |       ||     6
       Staff             |       |       |       |       |    88 |    76 |    53 ||   217
       Tailslap          |       |       |       |       |       |    32 |    36 ||    68
       Bite              |       |       |       |       |       |    20 |    19 ||    39
 Fire: Hunting sling     |       |       |     3 |       |       |       |       ||     3
Throw: Stone             |    19 |       |       |       |       |       |       ||    19
       Dart              |     4 |       |    27 |    17 |       |       |       ||    48
       Boomerang         |       |       |    20 |     6 |     4 |     5 |     1 ||    36
 Cast: Beastly Appendage |    12 |       |       |       |       |       |       ||    12
       Spider Form       |     1 |     2 |    26 |    22 |     4 |     1 |       ||    56
       Sticks to Snakes  |       |    12 |    70 |    76 |    36 |   169 |   103 ||   466
       Ice Form          |       |       |       |    16 |    55 |    12 |     1 ||    84
       Blade Hands       |       |       |       |     8 |    32 |    13 |    25 ||    78
       Irradiate         |       |       |       |       |    48 |    84 |    92 ||   224
       Hydra Form        |       |       |       |       |    48 |   107 |    36 ||   191
       Iskenderun's Myst |       |       |       |       |     8 |    27 |    14 ||    49
       Dragon Form       |       |       |       |       |       |    40 |    20 ||    60
       Apportation       |       |       |       |       |       |     1 |     6 ||     7
       Fulminant Prism   |       |       |       |       |       |       |    20 ||    20
 Abil: Breathe Fire      |       |       |       |       |       |    26 |    16 ||    42
       End Transformatio |       |       |       |       |       |     2 |     3 ||     5
       Evoke Berserk Rag |       |       |       |       |       |     4 |       ||     4
Evoke: Wand              |       |     1 |     4 |    25 |    43 |    25 |    16 ||   114
       Phial of floods   |       |       |       |     1 |     3 |     5 |     3 ||    12
       Lamp of fire      |       |       |       |       |       |       |     3 ||     3
       Fan of gales      |       |       |       |       |       |       |     1 ||     1
  Use: Scroll            |     4 |     5 |     6 |    14 |    15 |     6 |    17 ||    67
       Potion            |       |       |       |    10 |     5 |     5 |    18 ||    38
 Stab: Sleeping          |     1 |       |     1 |     5 |     1 |       |       ||     8
       Distracted        |       |     1 |     7 |     1 |     2 |     8 |     4 ||    23
       Invisible         |       |       |       |     2 |       |       |       ||     2
  Eat: Chunk             |     4 |     5 |    15 |    14 |    26 |     8 |    15 ||    87
       Ration            |     1 |     1 |     4 |     6 |    11 |    16 |     5 ||    44
Armor: Robe              |    11 |       |       |       |       |       |       ||    11
       Leather armour    |    17 |    17 |    73 |    10 |       |       |       ||   117
       Skin              |       |     1 |     5 |    22 |   143 |   205 |    74 ||   450
       Steam dragon scal |       |       |       |    76 |   104 |    26 |     2 ||   208
       Scale mail        |       |       |       |       |       |    35 |   124 ||   159
Dodge: Dodged            |    80 |    71 |   301 |   443 |   792 |   720 |   718 ||  3125

Table legend:
 A = Non-vault XP
 B = Vault XP
 C = Vault XP percentage of total XP
 D = Non-vault monster count
 E = Vault monster count
 F = Vault count percentage of total count
                 A         B        C        D         E       F
            +---------+---------+-------+---------+---------+-------
      Total |  461264 |  277391 |  37.6 |    1163 |     503 |  30.2
            +---------+---------+-------+---------+---------+-------
        D:1 |      20 |       0 |   0.0 |       9 |       0 |   0.0
        D:2 |      95 |      45 |  32.1 |      19 |       1 |   5.0
        D:3 |      68 |       7 |   9.3 |      19 |       3 |  13.6
        D:4 |     197 |     622 |  75.9 |      11 |       4 |  26.7
        D:5 |     444 |     427 |  49.0 |      11 |       2 |  15.4
        D:6 |     591 |       0 |   0.0 |      23 |       0 |   0.0
        D:7 |    1041 |       0 |   0.0 |      25 |       0 |   0.0
        D:8 |    1157 |       0 |   0.0 |      32 |       0 |   0.0
        D:9 |    1780 |     504 |  22.1 |      19 |      32 |  62.7
       D:10 |    2622 |    2275 |  46.5 |      34 |      17 |  33.3
       D:11 |    3739 |       0 |   0.0 |      13 |       0 |   0.0
       D:12 |    4935 |    1075 |  17.9 |      40 |      27 |  40.3
       D:13 |   12339 |    8228 |  40.0 |      38 |      19 |  33.3
       D:14 |    6856 |       0 |   0.0 |      26 |       0 |   0.0
       D:15 |   12227 |    5809 |  32.2 |      38 |      13 |  25.5
     Lair:1 |    3331 |     867 |  20.7 |      18 |       9 |  33.3
     Lair:2 |    2625 |     971 |  27.0 |      10 |       1 |   9.1
     Lair:3 |    5431 |    1722 |  24.1 |      18 |      10 |  35.7
     Lair:4 |    2567 |    3842 |  59.9 |      10 |      11 |  52.4
     Lair:5 |   14230 |     853 |   5.7 |      34 |       1 |   2.9
     Lair:6 |   12097 |    8352 |  40.8 |      27 |      17 |  38.6
    Swamp:1 |   10202 |       0 |   0.0 |      25 |       0 |   0.0
    Swamp:2 |   14863 |    2123 |  12.5 |      32 |       1 |   3.0
    Swamp:3 |   20854 |     743 |   3.4 |      39 |       1 |   2.5
    Swamp:4 |   19308 |   19103 |  49.7 |      37 |      34 |  47.9
    Snake:1 |   13700 |    2641 |  16.2 |      30 |       3 |   9.1
    Snake:2 |    9719 |    7894 |  44.8 |      16 |       7 |  30.4
    Snake:3 |   13012 |    1388 |   9.6 |      29 |       2 |   6.5
    Snake:4 |   14273 |   43774 |  75.4 |      23 |      70 |  75.3
      Orc:1 |    4649 |       0 |   0.0 |      29 |       0 |   0.0
      Orc:2 |    1349 |    5779 |  81.1 |       6 |      35 |  85.4
      Elf:1 |   32308 |    8124 |  20.1 |      50 |      13 |  20.6
      Elf:2 |   21418 |    5169 |  19.4 |      35 |       5 |  12.5
      Elf:3 |   18089 |   47091 |  72.2 |      33 |      29 |  46.8
   Vaults:1 |   15842 |   32587 |  67.3 |      30 |      50 |  62.5
   Vaults:2 |   31871 |   20583 |  39.2 |      76 |      19 |  20.0
   Vaults:3 |   55269 |   12629 |  18.6 |      85 |      10 |  10.5
   Vaults:4 |   36959 |   24364 |  39.7 |      61 |      30 |  33.0
   Depths:1 |   29892 |     967 |   3.1 |      46 |       1 |   2.1
   Depths:2 |    9295 |    5017 |  35.1 |       7 |       5 |  41.7
     Bailey |       0 |    1816 | 100.0 |       0 |      21 | 100.0
            +---------+---------+-------+---------+---------+-------
